 Dungeon Crawl Stone Soup version 0.19.5 (webtiles) character file.

559434 tof the Executioner (level 25, 0/330 HPs)
             Began as a Minotaur Berserker on Mar 10, 2017.
             Was the Champion of Trog.
             Splashed by an acid blob's acid (2 damage)
             ... created by the Royal Jelly
             ... on level 5 of the Pits of Slime on Mar 11, 2017.
             The game lasted 06:54:09 (64647 turns).

tof the Executioner (Minotaur Berserker)           Turns: 64647, Time: 06:54:10

Health: 0/330      AC: 24    Str: 41    XL:     25   Next: 80%
Magic:  31/31      EV: 25    Int:  6    God:    Trog [******]
Gold:   4543       SH:  6    Dex: 20    Spells: 0 memorised, 24 levels left

rFire  + . .     SeeInvis +     a - +7 executioner's axe of Slow Death {chop, Str+3}
rCold  . . .     Gourm    .     S - +8 plate armour "Jouwub Humem" {*Corrode Str+8 Stlth+}
rNeg   + . .     Faith    .     (shield currently unavailable)
rPois  +         Spirit   .     P - +0 hat of Winter {rCorr MP+9}
rElec  +         Reflect  +     q - +2 cloak
rCorr  +         Harm     .     p - +2 pair of gloves {archery}
MR     ++++.     Rnd*Rage +     n - +2 pair of boots
Stlth  ..........               C - +6 amulet of reflection
                                T - ring of positive energy
                                X - ring of Tender Moments {+Fly rElec rF+ Int+3 SInv}

@: berserking, corroded, regenerating, very quick
A: retaliatory headbutt, horns 2, thin skeletal structure 1, berserk 1, blurry
vision 3, dopey 1, frail 1, magic resistance 1, poison resistance, shaggy fur 1,
subdued magic 1, sturdy frame 1
a: Berserk, Trog's Hand, Brothers in Arms, Burn Spellbooks, Renounce Religion,
Evoke Flight
}: 2/15 runes: decaying, serpentine


You were on level 5 of the Pits of Slime.
You worshipped Trog.
Trog was exalted by your worship.
You were not hungry.

You visited 9 branches of the dungeon, and saw 48 of its levels.
You also visited: Labyrinth and Sewer.

You collected 6957 gold pieces.
You spent 2414 gold pieces at shops.

Inventory:

Hand Weapons
 a - the +7 executioner's axe of Slow Death (weapon) {chop, Str+3}
   (Trog gifted it to you on level 2 of the Depths)

   It inflicts extra damage upon your enemies.
   It affects your strength (+3).
 b - a +5 arbalest of flaming
 O - the +8 frozen axe "Frostbite" {freezing cloud, *Noise +Fly rC+}
   (Trog gifted it to you on level 2 of the Lair of Beasts)

   It has been specially enchanted to freeze those struck by it, causing extra
   injury to most foes and up to half again as much damage against particularly
   susceptible opponents.
   It can also slow down cold-blooded creatures.
   It protects you from cold.
   It lets you fly.
   It may make noises in combat.
 R - a +2 triple crossbow of velocity
Missiles
 v - 2074 bolts
Armour
 n - a +2 pair of boots (worn)
 p - a +2 pair of gloves of archery (worn)
 q - a +2 cloak (worn)
 P - the +0 hat of Winter (worn) {rCorr MP+9}
   (You found it on level 2 of the Snake Pit)

   It affects your magic capacity (+9).
   It protects you from acid and corrosion.
 S - the +8 plate armour "Jouwub Humem" (worn) {*Corrode Str+8 Stlth+}
   (You found it on level 12 of the Dungeon)

   It affects your strength (+8).
   It may corrode you when you take damage.
   It makes you more stealthy.
Jewellery
 k - an uncursed amulet of the gourmand
 s - the ring of Ynweb {MP+9 Dex+7}
   (You found it in a labyrinth)

   [ring of magical power]

   It affects your dexterity (+7).
   It affects your magic capacity (+9).
 C - a +6 amulet of reflection (around neck)
 T - a ring of positive energy (right hand)
 X - the ring of Tender Moments (left hand) {+Fly rElec rF+ Int+3 SInv}
   (You bought it in a shop on level 11 of the Dungeon)

   [ring of flight]

   It affects your intelligence (+3).
   It protects you from fire.
   It insulates you from electricity.
   It lets you see invisible.
   It lets you fly.
Wands
 j - a wand of digging (17/24)
 E - a wand of teleportation (8/9)
Scrolls
 d - 23 scrolls of remove curse
 i - a scroll of summoning
 m - 9 scrolls of magic mapping
 x - 14 scrolls of teleportation
 A - a scroll of silence
 D - 9 scrolls of fear
 H - 2 scrolls of holy word
 I - a scroll of brand weapon
 K - a scroll of enchant armour
 M - 7 scrolls of blinking
 V - 2 scrolls of fog
Potions
 l - 3 potions of might
 o - 2 potions of heal wounds
 r - 2 potions of cure mutation
 t - 24 potions of curing
 u - 3 potions of resistance
 w - 10 potions of agility
 z - 9 potions of flight
 B - a potion of haste
 U - a potion of cancellation
Books
 Z - Piadonk's Collected Works on the Traveller
   (You found it on level 6 of the Lair of Beasts)

   Spells                             Type                      Level
   a - Recall                         Summoning/Translocation      3
   b - Portal Projectile              Translocation                3
   c - Dispersal                      Translocation                6
   d - Controlled Blink               Translocation                8
   Trog disapproves of the use of such an item.
Miscellaneous
 e - a phantom mirror
 g - a phial of floods
 G - a fan of gales
 J - 3 sacks of spiders
Comestibles
 c - 14 bread rations
 f - 18 royal jellies
 h - 18 meat rations
 F - 10 beef jerkies


   Skills:
 + Level 24.0 Fighting
 - Level 26.6 Axes
 * Level 22.9 Crossbows
 + Level 21.1 Armour
 + Level 19.4 Dodging


You had 24 spell levels left.
You didn't know any spells.

Dungeon Overview and Level Annotations

Branches:
Dungeon (15/15)            Temple (0/1) D:6            Lair (6/6) D:11
  Swamp (4/4) Lair:4        Snake (4/4) Lair:2        Slime (5/5) Lair:6
    Orc (2/2) D:12            Elf (0/3) Orc:2        Vaults (4/5) D:14
  Crypt (3/3) Vaults:2       Tomb (0/3) Crypt:3      Depths (5/5) D:15
    Zot (0/5) Depths:5

Altars:
Ashenzari
Cheibriados
Fedhas
Gozag
Hepliaklqana
Kikubaaqudgha
Makhleb
Nemelex Xobeh
Qazlal
Sif Muna
Trog
Uskayaw
Vehumet
The Shining One
Jiyva
Lugonu

Shops:
D:11 *=   D:12 =   Orc:2 *(}(*   Depths:1 [   Depths:3 *=!%*   Depths:4 =

Portals:
Hell: Depths:1 Depths:2 Depths:3 Depths:4 Depths:5
Abyss: Depths:4
Pandemonium: Depths:3 Depths:5
Ziggurat: Depths:1

Annotations:
D:10 swim
Slime:5 Royal Jelly


Innate Abilities, Weirdness & Mutations

You reflexively headbutt those who attack you in melee.
You have a pair of horns on your head.
You have a somewhat thin skeletal structure. (Dex +2, Stealth)
You tend to lose your temper in combat.
Scrolls take you much longer to read.
You are dopey. (Int -2)
You are frail. (-10% HP)
You are resistant to hostile enchantments. (MR+)
Your system is resistant to poisons. (rPois)
You are covered in fur. (AC +1)
Your spells are a little easier to cast, but a little less powerful.
Your movements are slightly less encumbered by armour. (ER -2)


Message History

The splash of acid hits the azure jelly.
The azure jelly completely resists.
The acid blob hits you!!
* * * LOW HITPOINT WARNING * * *
The acid corrodes you!
You are splashed with acid!
The acid burns!
You resist.
* * * LOW HITPOINT WARNING * * *
The azure jelly barely misses you. You furiously retaliate!
You headbutt the azure jelly! The azure jelly misses you.
You block the azure jelly's attack.
The azure jelly hits you but does no damage.
The acid blob hits you!!
* * * LOW HITPOINT WARNING * * *
You are splashed with acid!
The acid burns!
You resist.
* * * LOW HITPOINT WARNING * * *
Unknown command.
You are too berserk!
You are too berserk!
You closely miss the azure jelly.
The azure jelly is severely wounded.
You slice the acid blob!!
Your hands burn!
You die...

.................## #.##
..................## #..#
#..................#####.#
#.#.......................
###.......................
#........................
##......JJ...............
#......JJJ....((.........
###...JJ@JJJ.............
#....JJJJ..............
##.#..JJ...............
####..................
###................
#...............
#..............
##............


You could see the Royal Jelly, 4 acid blobs, 4 azure jellies and 7 death oozes.

Vanquished Creatures
  Khufu (Crypt:2)
  An ancient lich (Depths:5)
  A juggernaut (Depths:4)
  A greater mummy (Crypt:2)
  Boris (Crypt:2)
  Vashnia (Snake:3)
  Saint Roka (Vaults:2)
  Xtahua (Vaults:2)
  2 caustic shrikes
  2 golden dragons
  Jory (Vaults:2)
  The ghost of cotteux the Impregnable, a veteran GrBe of Trog (Depths:5)
  the Enchantress (Depths:3)
  Nikola (Snake:3)
  2 bone dragons
  Jorgrun (Crypt:3)
  6 liches
  5 tentacled monstrosities
  Asterion (Snake:4)
  A titan (shapeshifter) (Depths:3)
  5 titans
  18 acid blobs
  3 ancient champions
  5 sphinxes
  3 shadow dragons
  2 storm dragons
  10 nagarajas
  Roxanne (Swamp:1)
  The ghost of MirrMurr the Brawler, a journeyman TrMo of Okawaru (Orc:2)
  6 tengu reavers
  A fire giant (shapeshifter) (Depths:3)
  19 fire giants
  17 azure jellies
  A revenant (Crypt:1)
  A deep elf sorcerer (Depths:2)
  25 frost giants
  An orc warlord (D:15)
  A balrug (Depths:5)
  10 vault wardens
  Aizul (Snake:4)
  Louise (Swamp:1)
  A draconian shifter (Depths:5)
  A cacodemon (Depths:5)
  3 deep elf elementalists
  An iron dragon (Depths:2)
  16 ironheart preservers
  6 ghouls
  2 draconian callers (Depths:5)
  4 war gargoyles (Crypt:3)
  22 stone giants
  4 spriggan defenders
  10 vampire knights
  3 very ugly things
  2 deep elf annihilators
  A lorocyproca (Depths:3)
  2 yellow draconians (Depths:5)
  A white draconian (Depths:5)
  2 black draconians (Depths:5)
  10 spark wasps
  A red draconian (Depths:5)
  4 eidola
  11 ettins
  3 crystal guardians (Crypt:3)
  4 deep elf death magi
  12 yaktaur captains
  11 jiangshi
  3 death oozes
  18 fire dragons
  3 deep elf high priests
  2 minotaurs
  8 naga warriors
  14 great orbs of eyes
  6 rakshasas
  5 vault guards
  5 spriggan air magi
  19 hydras
  8 anacondas
  14 ice dragons
  3 death knights
  11 centaur warriors
  A catoblepas (Lair:6)
  7 dancing weapons
  11 alligators
  8 naga sharpshooters
  8 death yaks
  18 ogre magi
  9 tengu warriors
  11 deep troll earth magi
  9 deep elf knights
  12 deep troll shamans
  12 spriggan berserkers
  An orc high priest (Orc:2)
  2 shock serpents (Snake:3)
  3 vampire magi
  4 soul eaters
  27 hell knights
  A titan skeleton (Crypt:3)
  4 iron trolls
  A storm dragon skeleton (Depths:1)
  3 spriggan druids
  A spark wasp zombie (Depths:1)
  8 swamp dragons
  2 unseen horrors
  23 skeletal warriors
  4 glowing orange brains
  A salamander mystic (Snake:4)
  3 shadow wraiths
  An unseen horror (shapeshifter) (Vaults:4)
  10 hill giants
  8 deep elf archers
  3 wizards
  4 flayed ghosts
  A glowing orange brain (shapeshifter) (Depths:3)
  3 anaconda skeletons
  5 shambling mangroves
  16 ironbrand convokers
  18 necromancers
  34 deep trolls
  7 harpies
  11 orc knights
  A wolf spider zombie (Crypt:3)
  2 naga ritualists
  6 phantasmal warriors
  3 lindwurms (Swamp:4)
  A shadow dragon skeleton (Crypt:2)
  A fire giant zombie (Crypt:3)
  16 deep elf magi
  An iron dragon zombie (Crypt:2)
  7 mana vipers
  58 ugly things
  6 orc sorcerers
  2 wolf spiders
  7 cyclopes
  3 manticores
  A tengu skeleton (Vaults:4)
  2 oklob plants
  A manticore (shapeshifter) (Depths:3)
  A stone giant skeleton (Depths:1)
  2 frost giant zombies
  9 shining eyes
  Joseph (D:8)
  9 salamanders
  A dire elephant zombie (Crypt:1)
  3 rust devils (Depths:5)
  3 fire giant skeletons
  A guardian serpent (Snake:3)
  20 naga magi
  18 vault sentinels
  A titan simulacrum (Vaults:4)
  An eye of devastation (Slime:4)
  18 elephants
  35 black mambas
  A black mamba (shapeshifter) (Vaults:4)
  2 storm dragon simulacra
  2 spiny frogs (shapeshifter)
  32 spiny frogs
  2 gargoyles
  3 dire elephant skeletons
  A grey draconian zombie (Crypt:2)
  A yaktaur zombie (Vaults:4)
  A rime drake (Lair:1)
  2 orange demons
  A shock serpent skeleton (Crypt:1)
  4 centaur skeletons
  6 freezing wraiths
  70 yaktaurs
  3 rime drakes (shapeshifter)
  4 kobold demonologists
  4 guardian mummies (Crypt:2)
  2 ice devils (Depths:3)
  9 komodo dragons
  13 trolls
  A komodo dragon (shapeshifter) (D:15)
  A minotaur zombie (Lab)
  A jumping spider (shapeshifter) (Depths:5)
  A queen bee (Depths:2)
  A green draconian skeleton (Crypt:1)
  A merfolk (D:15)
  An iron troll skeleton (Crypt:2)
  9 tengu conjurers
  9 tyrant leeches
  31 hornets
  2 polar bears (shapeshifter)
  A two-headed ogre (shapeshifter) (Vaults:2)
  113 slime creatures
  A hornet (shapeshifter) (Depths:1)
  3 polar bears
  18 two-headed ogres
  2 blink frogs (shapeshifter) (Vaults:1)
  5 dream sheep (Lair:4)
  An ettin zombie (Vaults:4)
  24 blink frogs
  Grinder (D:4)
  Prince Ribbit (D:8)
  A sphinx simulacrum (Vaults:3)
  7 hippogriffs
  A hydra skeleton (Crypt:3)
  2 hippogriffs (shapeshifter) (Vaults:3)
  A stone giant simulacrum (Crypt:2)
  4 bog bodies
  A fire dragon zombie (Crypt:3)
  29 flying skulls (Crypt:3)
  8 water elementals (Depths:2)
  A redback (shapeshifter) (D:15)
  Sigmund (D:2)
  A tarantella (shapeshifter) (Vaults:3)
  5 air elementals
  19 spriggans
  2 fire dragon skeletons
  An ice dragon skeleton (Crypt:2)
  7 shadows
  A fire bat (shapeshifter) (D:12)
  8 wraiths
  4 wyverns
  2 hogs (shapeshifter)
  2 spriggans (shapeshifter)
  A tyrant leech zombie (Crypt:2)
  3 basilisks
  6 golden eyes
  43 yaks
  A black mamba skeleton (Crypt:3)
  A catoblepas simulacrum (Crypt:2)
  Eustachio (D:4)
  6 hungry ghosts
  A chaos spawn (Depths:3)
  4 hogs (Swamp:2)
  3 human simulacra
  5 human zombies
  28 vampire mosquitoes
  A steam dragon (D:11)
  Edmund (D:4)
  2 mottled dragons
  28 swamp worms
  16 insubstantial wisps
  39 nagas
  7 wargs
  A soldier ant (shapeshifter) (Depths:3)
  2 soldier ants
  12 water moccasins
  A hydra simulacrum (Crypt:2)
  The ghost of vatarom the Gusty, an amateur TeAE (D:3)
  A deep troll skeleton (Vaults:4)
  6 porcupines
  2 floating eyes (Slime:4)
  15 swamp drakes
  2 hornet zombies
  2 phantoms
  2 sky beasts
  4 ice beasts
  An ice dragon simulacrum (Depths:1)
  38 orc warriors
  6 necrophages
  3 black bears
  2 ettin simulacra
  5 eyes of draining
  28 ogres
  6 boggarts
  6 wolves (Lair:4)
  2 elephant skeletons
  An elf skeleton (Vaults:4)
  22 centaurs
  A crocodile (shapeshifter) (Depths:5)
  6 big kobolds
  A salamander zombie (Crypt:1)
  7 crocodiles
  24 bullfrogs
  2 gnoll sergeants (D:7)
  A wyvern zombie (D:11)
  A spriggan zombie (Crypt:3)
  8 scorpions
  25 killer bees
  A killer bee (shapeshifter) (Depths:3)
  A water moccasin skeleton (D:11)
  4 howler monkeys
  A spectral bullfrog (D:12)
  4 electric eels
  6 crimson imps
  4 centaur zombies
  15 hounds
  2 quasits
  11 jellies
  2 bullfrog zombies (D:12)
  39 orc wizards
  A gnoll shaman (D:7)
  2 iron imps
  22 orc priests
  Crazy Yiuf (D:2)
  A demonspawn skeleton (Crypt:2)
  Jessica (D:3)
  4 bullfrog skeletons
  3 iguanas
  Ijyb (D:3)
  16 worker ants
  A killer bee zombie (D:10)
  A crocodile zombie (Crypt:1)
  2 hound zombies
  5 mummies (Crypt:2)
  A worker ant zombie (D:9)
  6 gnolls
  A river rat (D:4)
  10 adders
  A steam dragon skeleton (Crypt:2)
  4 shadow imps
  A white imp (Depths:5)
  3 ufetubi
  8 oozes
  An adder zombie (D:8)
  10 worms (Lair:2)
  8 leopard geckos
  100 orcs
  5 giant cockroaches
  10 goblins
  15 hobgoblins
  10 jackals
  A quokka (D:5)
  4 ball pythons
  10 bats
  6 frilled lizards
  36 kobolds
  A leopard gecko zombie (D:7)
  5 rats
  A bush (Lair:4)
  A demonic plant (D:14)
  2 fungi
  10 plants
2341 creatures vanquished.

Vanquished Creatures (collateral kills)
  Bai Suzhen (Snake:4)
  A thorn hunter (Swamp:2)
  Kirke (Swamp:2)
  A naga warrior (Snake:4)
  2 skeletal warriors (Crypt:2)
  A naga mage (Snake:4)
  A slime creature (Swamp:2)
  An insubstantial wisp (Swamp:2)
  A naga (Snake:4)
10 creatures vanquished.

Vanquished Creatures (others)
  A frost giant zombie (Vaults:3)
  A yaktaur (Depths:3)
  A hog (Swamp:2)
  An ogre (D:6)
  An iguana (D:6)
  An adder (D:12)
  An orc (Vaults:3)
  A demonic plant (D:14)
  8 fungi (Lair:6)
  52 plants
68 creatures vanquished.

Grand Total: 2419 creatures vanquished

Notes
Turn   | Place    | Note
-------+----------+-------------------------------------------
     0 | D:1      | tof the Minotaur Berserker began the quest for the Orb.
     0 | D:1      | Reached XP level 1. HP: 19/19 MP: 0/0
   257 | D:1      | Reached XP level 2. HP: 24/27 MP: 1/1
   828 | D:2      | Reached skill level 4 in Axes
   892 | D:2      | Reached ** piety under Trog
   911 | D:2      | Reached XP level 3. HP: 24/33 MP: 2/2
  1049 | D:2      | Noticed Sigmund
  1234 | D:2      | Killed Sigmund
  1234 | D:2      | Reached skill level 5 in Axes
  1234 | D:2      | Reached XP level 4. HP: 41/41 MP: 3/3
  1234 | D:2      | Reached XP level 5. HP: 47/47 MP: 4/4
  1323 | D:2      | Found a glowing golden altar of the Shining One.
  1469 | D:2      | Found a runed door.
  1473 | D:2      | Noticed Crazy Yiuf
  1481 | D:2      | Killed Crazy Yiuf
  1860 | D:3      | Noticed vatarom's ghost (amateur TeAE)
  1943 | D:3      | Killed vatarom's ghost
  1943 | D:3      | Reached skill level 5 in Fighting
  1943 | D:3      | Reached skill level 6 in Axes
  1943 | D:3      | Reached XP level 6. HP: 56/56 MP: 5/5
  1982 | D:3      | Noticed Jessica
  1990 | D:3      | Killed Jessica
  2149 | D:3      | Found a shattered altar of Ashenzari.
  2177 | D:3      | Noticed Ijyb
  2189 | D:3      | Killed Ijyb
  2388 | D:3      | Found a burning altar of Makhleb.
  2844 | D:4      | Reached XP level 7. HP: 51/61 MP: 6/6
  2863 | D:4      | Found a glowing drain.
  2867 | Sewer    | Entered a sewer
  3019 | Sewer    | Reached skill level 5 in Armour
  3027 | Sewer    | Reached *** piety under Trog
  3147 | Sewer    | Reached skill level 7 in Axes
  3370 | D:4      | Found a stormy altar of Qazlal.
  3382 | D:4      | Noticed Grinder
  3393 | D:4      | Paralysed by Grinder for 6 turns
  3402 | D:4      | Killed Grinder
  3402 | D:4      | Reached skill level 1 in Crossbows
  3413 | D:4      | Found an opulent altar of Gozag.
  3435 | D:4      | Found a hide-covered altar of Uskayaw.
  3436 | D:4      | Found a bloodstained altar of Trog.
  3458 | D:4      | Found a hazy altar of Hepliaklqana.
  3484 | D:4      | Reached XP level 8. HP: 61/70 MP: 7/7
  3542 | D:4      | Reached skill level 5 in Dodging
  3544 | D:4      | Noticed Eustachio
  3550 | D:4      | Killed Eustachio
  3550 | D:4      | Reached skill level 8 in Axes
  3628 | D:4      | Noticed Edmund
  3642 | D:4      | Killed Edmund
  4050 | D:5      | Entered Level 5 of the Dungeon
  4050 | D:5      | Found a deep blue altar of Sif Muna.
  4429 | D:5      | Reached **** piety under Trog
  4727 | D:5      | You fall through a shaft for 2 floors!
  4766 | D:7      | Reached skill level 9 in Axes
  4853 | D:7      | Noticed a hill giant
  4860 | D:7      | Killed a hill giant
  4860 | D:7      | Reached XP level 9. HP: 79/79 MP: 8/8
  4903 | D:7      | Found a burning altar of Makhleb.
  4985 | D:7      | Paralysed by a hornet for 1 turns
  4989 | D:7      | Paralysed by a hornet for 1 turns
  5016 | D:7      | HP: 3/79 [poisoned by a hornet]
  5022 | D:7      | HP: 3/79 [poisoned by a hornet]
  5654 | D:6      | Reached skill level 10 in Axes
  5865 | D:6      | Found a staircase to the Ecumenical Temple.
  6226 | D:7      | Gained mutation: Your flesh is heat resistant. (rF+) [mutagenic meat]
  6227 | D:7      | Gained mutation: You are covered in fur. (AC +1) [mutagenic meat]
  6228 | D:7      | Gained mutation: You are dopey. (Int -2) [mutagenic meat]
  6631 | D:7      | Reached XP level 10. HP: 80/88 MP: 9/9
  6794 | D:7      | Reached skill level 5 in Crossbows
  6799 | D:7      | Reached ***** piety under Trog
  7207 | D:7      | Found a deep blue altar of Sif Muna.
  7217 | D:7      | Noticed an oklob plant
  7395 | D:7      | Killed an oklob plant
  7395 | D:7      | Reached skill level 11 in Axes
  7672 | D:8      | Noticed Joseph
  7684 | D:8      | Killed Joseph
  7758 | D:8      | Found a blossoming altar of Fedhas.
  8058 | D:8      | Found a sparkling altar of Nemelex Xobeh.
  8100 | D:8      | Noticed Prince Ribbit
  8101 | D:8      | Found a bloodstained altar of Trog.
  8123 | D:8      | Killed Prince Ribbit
  8310 | D:8      | Received a gift from Trog
  8387 | D:9      | Noticed a centaur warrior
  8396 | D:8      | Reached skill level 12 in Axes
  9431 | D:9      | Killed a centaur warrior
  9471 | D:9      | Reached XP level 11. HP: 97/97 MP: 10/10
  9753 | D:9      | Found an ancient bone altar of Kikubaaqudgha.
  9867 | D:10     | Entered Level 10 of the Dungeon
  9872 | D:10     | Received a gift from Trog
 10101 | D:10     | Noticed a hill giant
 10115 | D:10     | Killed a hill giant
 11347 | D:11     | Reached skill level 13 in Axes
 11382 | D:11     | Noticed a five-headed hydra
 11393 | D:11     | Killed a nine-headed hydra
 11393 | D:11     | Reached skill level 10 in Fighting
 11651 | D:11     | Noticed a seven-headed hydra
 11656 | D:11     | Killed a seven-headed hydra
 11746 | D:11     | Found Inustu Lile's Jewellery Shoppe.
 11751 | D:11     | Noticed a hill giant
 11757 | D:11     | Killed a hill giant
 11841 | D:11     | Bought the ring of Tender Moments {+Fly rElec rF+ Int+3 SInv} for 539 gold pieces
 11879 | D:11     | Received a gift from Trog
 12200 | D:11     | Noticed a hill giant
 12209 | D:11     | Killed a hill giant
 12209 | D:11     | Reached skill level 10 in Crossbows
 12357 | D:11     | Found Cumufai's Assorted Antiques.
 12424 | D:11     | Found a staircase to the Lair.
 12871 | D:12     | Noticed a hill giant
 12882 | D:12     | Killed a hill giant
 12920 | D:12     | Reached skill level 14 in Axes
 13225 | D:12     | Noticed a red ugly thing
 13232 | D:12     | Noticed a hill giant
 13238 | D:12     | Killed a red ugly thing
 13242 | D:12     | Killed a hill giant
 13242 | D:12     | Reached XP level 12. HP: 56/108 MP: 3/11
 13329 | D:12     | Noticed an ogre mage
 13331 | D:12     | Noticed an ogre mage
 13611 | D:12     | Killed an ogre mage
 13629 | D:12     | Killed an ogre mage
 13933 | D:12     | Found Pomuor's Jewellery Shop.
 13940 | D:12     | Found a bloodstained altar of Trog.
 14469 | D:12     | Got a faintly glowing plate armour
 14480 | D:12     | Identified the +8 plate armour "Jouwub Humem" {*Corrode Str+8 Stlth+} (You found it on level 12 of the Dungeon)
 14526 | D:12     | Found a staircase to the Orcish Mines.
 14607 | D:12     | Received a gift from Trog
 14672 | D:12     | Noticed a five-headed hydra
 14678 | D:12     | Killed a five-headed hydra
 14678 | D:12     | Reached skill level 15 in Axes
 14871 | D:13     | Gained mutation: Scrolls take you a little longer to read. [potion of mutation]
 14872 | D:13     | Lost mutation: Scrolls take you a little longer to read. [potion of cure mutation]
 14872 | D:13     | Lost mutation: You are dopey. (Int -2) [potion of cure mutation]
 14872 | D:13     | Lost mutation: Your flesh is heat resistant. (rF+) [potion of cure mutation]
 14872 | D:13     | Lost mutation: You are covered in fur. (AC +1) [potion of cure mutation]
 15008 | D:13     | Received a gift from Trog
 15298 | D:13     | Received a gift from Trog
 15423 | D:13     | Reached XP level 13. HP: 107/116 MP: 4/12
 15478 | D:13     | Reached skill level 10 in Armour
 15846 | D:14     | Found a gate to the Vaults.
 16142 | D:14     | Found a corrupted altar of Lugonu.
 16173 | D:14     | Received a gift from Trog
 16631 | D:15     | Entered Level 15 of the Dungeon
 16673 | D:15     | Reached skill level 16 in Axes
 16963 | D:15     | Found a runed door.
 16965 | D:15     | Noticed an ettin
 16967 | D:15     | Noticed an orc warlord
 17058 | D:15     | Found a staircase to the Depths.
 17067 | D:15     | Gained mutation: You have a pair of large horns on your head. [mutagenic meat]
 17068 | D:15     | Gained mutation: Your flesh is cold resistant. (rC+) [mutagenic meat]
 17069 | D:15     | Gained mutation: Your spells are a little harder to cast, but a little more powerful. [mutagenic meat]
 17373 | D:15     | Lost mutation: Your flesh is cold resistant. (rC+) [mutagenic meat]
 17374 | D:15     | Gained mutation: You are resistant to hostile enchantments. (MR+) [mutagenic meat]
 17375 | D:15     | Gained mutation: You tend to lose your temper in combat. [mutagenic meat]
 17376 | D:15     | Gained mutation: Scrolls take you a little longer to read. [mutagenic meat]
 17377 | D:15     | Gained mutation: You are agile. (Dex +2) [mutagenic meat]
 17378 | D:15     | Gained mutation: Scrolls take you longer to read. [mutagenic meat]
 17379 | D:15     | Gained mutation: Your mind is acute. (Int +2) [mutagenic meat]
 17380 | D:15     | Lost mutation: You have a pair of large horns on your head. [mutagenic meat]
 17381 | D:15     | Lost mutation: Your spells are a little harder to cast, but a little more powerful. [mutagenic meat]
 18145 | D:11     | Reached ****** piety under Trog
 18273 | Lair:1   | Entered Level 1 of the Lair of Beasts
 18479 | Lair:1   | Reached skill level 10 in Dodging
 18485 | Lair:1   | Reached XP level 14. HP: 127/127 MP: 11/13
 18541 | Lair:1   | Got a twitching brass ring
 18543 | Lair:1   | Identified the ring "Qusysext" {MP+9 Str+4 Int+5} (You found it on level 1 of the Lair of Beasts)
 18962 | Lair:2   | Received a gift from Trog
 19072 | Lair:2   | Found a staircase to the Snake Pit.
 19521 | Lair:2   | Reached skill level 17 in Axes
 20246 | Lair:3   | Found a labyrinth entrance.
 20278 | Lab      | Entered a labyrinth
 21201 | Lab      | Got a wavering silver ring
 21223 | Lair:3   | Identified the ring of Ynweb {MP+9 Dex+7} (You found it in a labyrinth)
 21751 | Lair:3   | Identified a scroll of acquirement
 22393 | Lair:4   | Found a staircase to the Swamp.
 22584 | Lair:4   | Received a gift from Trog
 23204 | Lair:5   | Reached skill level 18 in Axes
 23402 | Lair:5   | Gained mutation: Your spells are a little easier to cast, but a little less powerful. [potion of mutation]
 23402 | Lair:5   | Gained mutation: You have a somewhat thin skeletal structure. (Dex +2, Stealth) [potion of mutation]
 23667 | Lair:6   | Entered Level 6 of the Lair of Beasts
 23829 | Lair:6   | Received a gift from Trog
 23893 | Lair:6   | Reached XP level 15. HP: 127/138 MP: 14/14
 23965 | Lair:6   | Received a gift from Trog
 23994 | Lair:6   | Reached skill level 19 in Axes
 24216 | Lair:6   | Received a gift from Trog
 24251 | Lair:6   | Identified Piadonk's Collected Works on the Traveller
 24399 | Lair:6   | Found a staircase to the Slime Pits.
 25014 | Orc:1    | Entered Level 1 of the Orcish Mines
 25030 | Orc:1    | Received a gift from Trog
 25379 | Orc:2    | Entered Level 2 of the Orcish Mines
 25475 | Orc:2    | Found Usaec's Assorted Antiques.
 25486 | Orc:2    | Found a staircase to the Elven Halls.
 25509 | Orc:2    | Received a gift from Trog
 25558 | Orc:2    | Reached skill level 15 in Fighting
 25597 | Orc:2    | Received a gift from Trog
 25691 | Orc:2    | Got a translucent halberd {god gift}
 25692 | Orc:2    | Identified the +2 halberd "Boops" {chop, +Rage rF+ Str+3} (Trog gifted it to you on level 2 of the Orcish Mines)
 25719 | Orc:2    | Found Katolataa's Antique Weapon Shoppe.
 25725 | Orc:2    | Found Ojyir's Assorted Antiques.
 25725 | Orc:2    | Found Tobiuhodd's Weapon Emporium.
 25740 | Orc:2    | Found Titaes's Gadget Shoppe.
 25860 | Orc:2    | Noticed MirrMurr's ghost (journeyman TrMo)
 25877 | Orc:2    | Killed MirrMurr's ghost
 26648 | Swamp:1  | Entered Level 1 of the Swamp
 26814 | Swamp:1  | Noticed Roxanne
 26826 | Swamp:1  | Killed Roxanne
 26968 | Swamp:1  | Reached skill level 20 in Axes
 27026 | Swamp:1  | Noticed Louise
 27030 | Swamp:1  | Killed Louise
 27590 | Swamp:2  | Received a gift from Trog
 27594 | Swamp:2  | Noticed Kirke
 27601 | Swamp:2  | Noticed a thorn hunter
 27607 | Swamp:2  | Killed Kirke
 27607 | Swamp:2  | Reached XP level 16. HP: 149/149 MP: 15/15
 27608 | Swamp:2  | Received a gift from Trog
 27609 | Swamp:2  | Killed a thorn hunter
 27638 | Swamp:1  | Received a gift from Trog
 28192 | Swamp:2  | Received a gift from Trog
 28654 | Swamp:3  | Received a gift from Trog
 29071 | Swamp:4  | Entered Level 4 of the Swamp
 29081 | Swamp:4  | Received a gift from Trog
 29083 | Swamp:4  | Reached skill level 21 in Axes
 29286 | Swamp:3  | Received a gift from Trog
 29323 | Swamp:3  | Reached skill level 15 in Crossbows
 29547 | Swamp:4  | Received a gift from Trog
 30124 | Swamp:4  | Got a decaying rune of Zot
 30572 | Snake:1  | Entered Level 1 of the Snake Pit
 30676 | D:12     | Bought an uncursed ring of poison resistance for 280 gold pieces
 31617 | Snake:1  | Reached XP level 17. HP: 159/160 MP: 16/16
 32500 | Snake:2  | Reached skill level 22 in Axes
 32761 | Snake:2  | Got a steaming hat
 32767 | Snake:2  | Identified the cursed +0 hat of Winter {rCorr MP+9} (You found it on level 2 of the Snake Pit)
 32831 | Snake:2  | Gained mutation: Your system is resistant to poisons. (rPois) [potion of beneficial mutation]
 32893 | Snake:2  | Received a gift from Trog
 33814 | Snake:3  | Noticed Vashnia
 33825 | Snake:3  | Killed Vashnia
 34112 | Snake:3  | Noticed Nikola
 34118 | Snake:3  | Killed Nikola
 34249 | Snake:3  | Received a gift from Trog
 34673 | Snake:4  | Entered Level 4 of the Snake Pit
 34714 | Snake:4  | Noticed Bai Suzhen
 34722 | Snake:4  | Killed Bai Suzhen
 34722 | Snake:4  | Received a gift from Trog
 34745 | Snake:4  | Noticed Asterion
 34750 | Snake:4  | Killed Asterion
 34926 | Snake:4  | Reached skill level 23 in Axes
 35089 | Snake:4  | Noticed Aizul
 35097 | Snake:4  | Killed Aizul
 35360 | Snake:4  | Received a gift from Trog
 35512 | Snake:4  | Reached XP level 18. HP: 171/171 MP: 17/17
 35735 | Snake:4  | Got a serpentine rune of Zot
 36296 | Vaults:1 | Entered Level 1 of the Vaults
 36826 | Vaults:1 | Received a gift from Trog
 37779 | Vaults:1 | Reached skill level 24 in Axes
 38480 | Vaults:1 | Received a gift from Trog
 38732 | Vaults:2 | Found a staircase to the Crypt.
 38748 | Vaults:2 | Noticed Xtahua
 38757 | Vaults:2 | Killed Xtahua
 38909 | Vaults:2 | Got an ebony morningstar
 38910 | Vaults:2 | Identified the +4 morningstar of Yredelemnul {flame, rElec rF- rC+ Dex+2} (You found it on level 2 of the Vaults)
 38916 | Vaults:2 | Noticed Saint Roka
 38942 | Vaults:2 | Received a gift from Trog
 39233 | Vaults:2 | Reached XP level 19. HP: 182/182 MP: 18/18
 39554 | Vaults:2 | Received a gift from Trog
 39629 | Vaults:2 | Killed Saint Roka
 39633 | Vaults:2 | Noticed Jory
 39645 | Vaults:2 | Killed Jory
 39798 | Vaults:2 | Received a gift from Trog
 40104 | Vaults:2 | Reached skill level 25 in Axes
 40371 | Vaults:2 | Received a gift from Trog
 41538 | Vaults:3 | Received a gift from Trog
 41849 | Vaults:3 | Received a gift from Trog
 42360 | Vaults:3 | Reached XP level 20. HP: 189/193 MP: 19/19
 42440 | Vaults:3 | Received a gift from Trog
 43149 | Vaults:4 | Received a gift from Trog
 43626 | Vaults:4 | Received a gift from Trog
 43891 | Vaults:4 | Received a gift from Trog
 44378 | Vaults:4 | Found a radiant altar of Vehumet.
 44650 | Crypt:1  | Entered Level 1 of the Crypt
 45809 | Crypt:2  | Received a gift from Trog
 45886 | Crypt:2  | Noticed Khufu
 45887 | Crypt:2  | Noticed a greater mummy
 46464 | Crypt:2  | Noticed Boris
 46468 | Crypt:2  | Killed Boris
 46468 | Crypt:2  | Reached skill level 15 in Armour
 46468 | Crypt:2  | Reached XP level 21. HP: 198/202 MP: 20/20
 46657 | Crypt:2  | Killed Khufu
 46665 | Crypt:2  | Killed a greater mummy
 46674 | Crypt:2  | Received a gift from Trog
 47110 | Crypt:3  | Entered Level 3 of the Crypt
 47122 | Crypt:3  | Reached skill level 26 in Axes
 47759 | Crypt:3  | Received a gift from Trog
 48230 | Crypt:3  | Found a staircase to the Tomb.
 48291 | Crypt:3  | Noticed Jorgrun
 48301 | Crypt:3  | Killed Jorgrun
 48354 | Crypt:3  | Got a crude bone ring
 48520 | Crypt:3  | Identified the ring "Mourghaa" {rC+ MP+9 Dex+4} (You took it off Jorgrun on level 3 of the Crypt)
 48742 | Crypt:3  | Found an ancient bone altar of Kikubaaqudgha.
 49126 | Depths:1 | Entered Level 1 of the Depths
 49131 | Depths:1 | Reached skill level 15 in Dodging
 49257 | Depths:1 | Received a gift from Trog
 49418 | Depths:1 | Found Xunwom's Armour Emporium.
 49494 | Depths:1 | Received a gift from Trog
 49552 | Depths:1 | Reached XP level 22. HP: 213/213 MP: 19/21
 50091 | Depths:1 | Found a gateway to Hell.
 50228 | Depths:1 | Found a gateway to a ziggurat.
 50745 | Depths:2 | Noticed a caustic shrike
 50752 | Depths:2 | Killed a caustic shrike
 50979 | Depths:2 | Received a gift from Trog
 51101 | Depths:2 | Received a gift from Trog
 51487 | Depths:2 | Received a gift from Trog
 51646 | Depths:2 | Got a polished executioner's axe {god gift}
 51647 | Depths:2 | Identified the +7 executioner's axe of Slow Death {chop, Str+3} (Trog gifted it to you on level 2 of the Depths)
 51896 | Depths:2 | Found a runed door.
 52897 | Depths:2 | Got a transparent marble ring
 52899 | Depths:2 | Got a slimy amber ring
 52903 | Depths:2 | Identified the ring of Eternity {rF+ Dex+3} (You found it on level 2 of the Depths)
 52905 | Depths:2 | Identified the ring "Axkod" {rElec rF- rC++ Str+6 Stlth+} (You found it on level 2 of the Depths)
 53018 | Depths:3 | Reached XP level 23. HP: 184/222 MP: 22/22
 53020 | Depths:3 | Received a gift from Trog
 53373 | Depths:3 | Found Agunawel's Assorted Antiques.
 53416 | Depths:3 | Noticed the Enchantress
 53442 | Depths:3 | Killed the Enchantress
 53735 | Depths:3 | Found a runed door.
 53793 | Depths:3 | Received a gift from Trog
 54696 | Depths:3 | Received a gift from Trog
 54863 | Depths:3 | Received a gift from Trog
 54865 | Depths:3 | Noticed a juggernaut
 54866 | Depths:3 | a juggernaut changed into a titan
 55673 | Depths:3 | Found Wyoquock's Food Shop.
 55673 | Depths:3 | Found Jule's Distillery.
 55674 | Depths:3 | Found Niguwih's Jewellery Emporium.
 55675 | Depths:3 | Found Kymikexu's Assorted Antiques.
 55685 | Depths:3 | Bought a potion of heal wounds for 90 gold pieces
 55687 | Depths:3 | Bought a potion of beneficial mutation for 1505 gold pieces
 55687 | Depths:3 | Gained mutation: You are covered in fur. (AC +1) [potion of beneficial mutation]
 55840 | Depths:3 | Found a one-way gate leading to the halls of Pandemonium.
 55851 | Depths:3 | Reached XP level 24. HP: 232/233 MP: 22/22
 56323 | Depths:4 | Found a corrupted altar of Lugonu.
 56323 | Depths:4 | Found a one-way gate to the infinite horrors of the Abyss.
 56323 | Depths:4 | Found Namielud's Jewellery Emporium.
 56697 | Depths:4 | Received a gift from Trog
 56761 | Depths:4 | Received a gift from Trog
 56791 | Depths:4 | Noticed a juggernaut
 56809 | Depths:4 | Killed a juggernaut
 57132 | Depths:4 | Identified the Grimoire of the Bouncing Realms
 58187 | Depths:5 | Entered Level 5 of the Depths
 58601 | Depths:5 | Received a gift from Trog
 58603 | Depths:5 | Found a snail-covered altar of Cheibriados.
 58645 | Depths:5 | Noticed cotteux's ghost (veteran GrBe)
 58667 | Depths:5 | Killed cotteux's ghost
 59132 | Depths:5 | Found a gate to the Realm of Zot.
 59244 | Depths:5 | Reached XP level 25. HP: 243/243 MP: 22/22
 59392 | Depths:5 | Noticed an ancient lich
 59394 | Depths:5 | Killed an ancient lich
 59449 | Depths:5 | Identified the Incunabulum of the Virous Mountains
 60287 | Lair:6   | Received a gift from Trog
 60314 | Slime:1  | Entered Level 1 of the Pits of Slime
 60708 | Slime:1  | Lost mutation: You are agile. (Dex +2) [a shining eye]
 60817 | Slime:1  | Gained mutation: You are frail. (-10% HP) [a shining eye]
 60818 | Slime:1  | Lost mutation: Your mind is acute. (Int +2) [a shining eye]
 61397 | Slime:2  | Gained mutation: You are dopey. (Int -2) [a shining eye]
 61427 | Slime:2  | Gained mutation: Your movements are slightly less encumbered by armour. (ER -2) [a shining eye]
 61430 | Slime:2  | Gained mutation: Scrolls take you much longer to read. [a shining eye]
 62317 | Slime:3  | Received a gift from Trog
 63865 | Slime:5  | Entered Level 5 of the Pits of Slime
 63894 | Slime:5  | Received a gift from Trog
 64435 | Slime:5  | Found a viscous altar of Jiyva.
 64632 | Slime:5  | Noticed the Royal Jelly
 64646 | Slime:5  | HP: 6/330 [acid blob[the Royal Jelly] (23)]
 64646 | Slime:5  | HP: 2/330 [acid[the Royal Jelly] (4)]
 64647 | Slime:5  | Splashed by an acid blob's acid

Skill      XL: |  1  2  3  4  5  6  7  8  9 10 11 12 13 14 15 16 17 18 19 20 21 22 23 24 25 |
---------------+----------------------------------------------------------------------------+-----
Fighting       | 4 5 7 8 9 10 11 12 14 15 16 17 19 20 21 22 23 24 | 24.0
Armour         | 3 4 5 6 7 8 9 11 12 15 17 18 19 20 21 | 21.1
Axes           | 4 5 6 7 9 10 12 14 15 16 18 20 21 23 24 25 26 | 26.6
Dodging        | 3 4 5 6 7 8 10 11 13 15 16 17 18 19 | 19.4
Crossbows      | 1 3 4 8 10 11 12 13 14 15 16 17 18 20 21 22 | 22.9

Action                   |  1- 3 |  4- 6 |  7- 9 | 10-12 | 13-15 | 16-18 | 19-21 | 22-24 | 25-27 || total
-------------------------+-------+-------+-------+-------+-------+-------+-------+-------+-------++-------
Melee: Hand axe          |    62 |   102 |   141 |       |       |       |       |       |       ||   305
       Headbutt          |     9 |    18 |    62 |   116 |   144 |   102 |   195 |    85 |    15 ||   746
       War axe           |       |       |   137 |   275 |       |       |       |       |       ||   412
       Executioner's axe |       |       |       |   177 |   448 |   343 |   614 |   263 |    41 ||  1886
 Fire: Hand crossbow     |       |       |    29 |   105 |       |       |       |       |       ||   134
       Arbalest          |       |       |       |    63 |   496 |   369 |   601 |  1158 |   412 ||  3099
       Triple crossbow   |       |       |       |       |       |   284 |    57 |       |       ||   341
Invok: Berserk           |     1 |     1 |     5 |     6 |     4 |     6 |     9 |     4 |     1 ||    37
       Trog's Hand       |       |       |       |     1 |     2 |     2 |     1 |     1 |     1 ||     8
       Burn Spellbooks   |       |       |       |       |     1 |     5 |     1 |       |     1 ||     8
       Brothers in Arms  |       |       |       |       |     1 |     2 |     1 |       |       ||     4
 Abil: Evoke Flight      |       |       |       |       |       |       |       |       |     3 ||     3
Evoke: Wand              |       |       |       |       |       |       |       |       |     1 ||     1
  Use: Scroll            |       |     4 |       |     5 |    19 |     9 |     7 |    10 |     2 ||    56
       Potion            |       |       |       |     9 |     4 |     3 |     3 |     7 |     4 ||    30
 Stab: Distracted        |       |       |       |       |       |     1 |       |     1 |       ||     2
       Sleeping          |       |       |       |       |       |       |     1 |       |       ||     1
  Eat: Chunk             |       |     8 |    17 |    32 |    51 |    15 |    19 |    55 |     3 ||   200
       Beef jerky        |       |       |     1 |     2 |       |       |       |       |       ||     3
       Bread ration      |       |       |     1 |       |       |     3 |     5 |     3 |     1 ||    13
       Pizza             |       |       |       |     1 |     3 |     4 |       |     1 |       ||     9
       Fruit             |       |       |       |       |     4 |    12 |     3 |       |     3 ||    22
Armor: Animal skin       |    13 |       |       |       |       |       |       |       |       ||    13
       Leather armour    |     1 |    22 |       |       |       |       |       |       |       ||    23
       Chain mail        |       |    14 |   149 |    71 |       |       |       |       |       ||   234
       Ring mail         |       |       |       |    37 |       |       |       |       |       ||    37
       Scale mail        |       |       |       |    78 |       |       |       |       |       ||    78
       Plate armour      |       |       |       |    62 |   332 |   311 |   333 |   256 |   117 ||  1411
       Skin              |       |       |       |       |       |       |     3 |       |       ||     3
Dodge: Dodged            |    50 |    53 |   149 |   437 |   413 |   410 |   487 |   486 |   198 ||  2683
Block: Other             |       |       |       |       |    21 |       |       |    40 |    32 ||    93
       Reflection        |       |       |       |       |       |       |       |     8 |       ||     8
